Map: Blackburn LE

Players

Scarlett

  • Race: Zerg Zerg

Neeb - Winner!

  • Race: Protoss Protoss

Event: DreamHack SC2 Masters 2021 Summer

VOD

Have the link to the VOD?

Description

Time

  • Played on: June 6, 2021, 4:26 p.m.
  • Length: 10:09

All games in this series

Show
View Real Time Build Order
Export as new Build Order

Scarlett Zerg 

Build Orders: Hatch First 

Get SALT Encoding   

  12  0:01  Drone  
  13  0:12  Overlord  
  13  0:17  Drone  
  14  0:30  Drone x2  
  16  0:43  Drone  
  17  0:51  Hatchery  
  17  0:54  Drone  
  17  0:58  Drone  
  18  1:08  Extractor  
  17  1:13  Spawning Pool  
  17  1:17  Drone  
  17  1:20  Drone  
  18  1:28  Drone  
  19  1:38  Drone  
  20  1:48  Overlord  
  20  1:59  Queen  
  22  2:02  Queen  
  22  2:03  Drone  
  22  2:04  Zergling x2  
  26  2:11  Drone, Metabolic Boost  
  26  2:14  Drone  
  28  2:23  Drone  
  28  2:25  Drone  
  30  2:34  Hatchery  
  29  2:38  Zergling x2  
  29  2:40  Drone  
  31  2:46  Queen  
  31  2:50  Overlord  
  33  2:56  Drone  
  34  3:01  Zergling x4  
  36  3:09  Zergling x4  
  36  3:11  Drone x4  
  42  3:17  Queen  
  44  3:21  Overlord  
  44  3:28  Overlord  
  42  3:43  Drone x6  
  42  3:44  Drone  
  42  3:48  Overlord  
  47  3:50  Queen  
  49  3:57  Spore Crawler  
  48  4:04  Drone x6  
  54  4:16  Drone x4  
  54  4:21  Queen  
  54  4:22  Drone  
  54  4:23  Drone  
  58  4:26  Roach Warren  
  58  4:27  Zergling x2  
  58  4:28  Zergling x2  
  58  4:30  Zergling x4  
  59  4:33  Zergling x4  
  59  4:35  Zergling x2  
  59  4:36  Zergling x2  
  63  4:41  Drone x3  
  66  4:51  Drone  
  66  4:52  Drone x4  
  68  5:01  Drone x3  
  68  5:05  Drone x2  
  72  5:10  Drone x3  
  74  5:18  Extractor, Spore Crawler  
  74  5:19  Spore Crawler  
  74  5:20  Drone x4  
  73  5:22  Hatchery  
  73  5:25  Drone  
  73  5:26  Drone x3  
  73  5:32  Lair, Overlord  
  73  5:34  Extractor x2  
  73  5:35  Extractor  
  70  5:36  Extractor  
  70  5:37  Evolution Chamber  
  70  5:39  Drone x5  
  70  5:42  Overlord x2  
  73  5:46  Overlord x2  
  73  5:52  Drone x5  
  73  5:55  Drone  
  79  5:57  Queen  
  79  6:01  Drone x3  
  84  6:09  Drone x6  
  88  6:15  Zerg Missile Weapons Level 1  
  88  6:19  Drone x5  
  93  6:28  Spore Crawler  
  93  6:30  Drone x2  
  93  6:31  Drone x4  
  98  6:33  Roach x3  
  98  6:35  Overseer  
  98  6:38  Drone  
  105  6:40  Roach  
  105  6:41  Infestation Pit  
  106  6:47  Overseer, Glial Reconstitution  
  106  6:51  Extractor  
  105  6:58  Roach x7  
  105  6:59  Overlord x4  
  119  7:07  Overlord x4  
  114  7:19  Ravager x7  
  114  7:20  Zergling x22  
  132  7:28  Spore Crawler  
  131  7:30  Hive  
  131  7:33  Drone  
  131  7:34  Drone x3, Hydralisk Den  
  134  7:37  Extractor  
  134  7:43  Drone x3  
  134  7:44  Drone  
  137  7:46  Drone  
  137  7:50  Zergling x18  
  143  7:54  Zergling x4  
  143  7:57  Zergling x2  
  133  8:07  Lurker Den  
  126  8:20  Evolution Chamber, Muscular Augments  
  126  8:22  Hatchery, Overlord  
  126  8:23  Overlord x2  
  126  8:25  Hydralisk x8  
  140  8:39  Ravager x4  
  140  8:40  Hydralisk x7  
  158  9:02  Zergling x4  
  156  9:03  Zergling x34  
  156  9:06  Seismic Spines  
  173  9:11  Zergling x2  
  171  9:19  Hydralisk x3  
  171  9:20  Zergling x10  
  173  9:29  Hydralisk x6  
  162  9:35  Hydralisk x3  
  142  9:40  Hydralisk x2  
  139  9:47  Zergling x2  
Show
View Real Time Build Order
Export as new Build Order

Neeb Protoss - Winner!

Build Orders: 1 Gate Expand, Oracle Opening 

Get SALT Encoding   

  12  0:00  Probe  
  13  0:12  Probe  
  14  0:20  Pylon  
  14  0:25  Probe  
  15  0:38  Probe (Chrono Boost)  
  15  0:41  Gateway  
  16  0:47  Probe (Chrono Boost)  
  16  0:49  Assimilator  
  17  0:52  Probe  
  18  1:04  Probe  
  19  1:16  Probe  
  20  1:27  Nexus  
  20  1:38  Cybernetics Core  
  20  1:40  Probe  
  21  1:47  Assimilator  
  21  1:52  Probe  
  22  1:55  Pylon  
  22  2:04  Probe (Chrono Boost)  
  23  2:11  Adept (Chrono Boost)  
  23  2:14  Probe (Chrono Boost)  
  26  2:19  Probe (Chrono Boost)  
  26  2:21  Stargate  
  27  2:31  Probe, Warp Gate  
  27  2:33  Adept (Chrono Boost)  
  30  2:39  Probe  
  30  2:43  Probe  
  32  2:51  Probe  
  33  2:54  Adept  
  33  2:55  Probe  
  36  3:03  Probe  
  36  3:04  Oracle (Chrono Boost)  
  37  3:08  Probe  
  37  3:12  Pylon  
  41  3:15  Probe  
  42  3:20  Probe  
  42  3:23  Gateway  
  43  3:27  Probe  
  43  3:32  Probe  
  45  3:37  Oracle (Chrono Boost)  
  48  3:44  Probe  
  48  3:47  Probe  
  46  3:52  Assimilator x2  
  46  3:53  Pylon  
  46  3:56  Probe  
  46  4:00  Probe  
  48  4:05  Void Ray (Chrono Boost)  
  48  4:08  Probe  
  49  4:12  Probe  
  54  4:17  Pylon  
  54  4:20  Probe, Adept x2  
  54  4:24  Probe  
  60  4:36  Probe x2  
  62  4:42  Robotics Facility, Adept  
  62  4:45  Adept  
  66  4:48  Probe  
  66  4:51  Pylon  
  67  4:53  Pylon  
  67  4:55  Probe  
  68  5:06  Probe  
  69  5:07  Nexus  
  69  5:12  Sentry x2  
  71  5:15  Gateway  
  71  5:18  Gateway  
  71  5:20  Probe, Forge  
  72  5:24  Probe  
  71  5:30  Shield Battery, Immortal (Chrono Boost)  
  71  5:34  Probe, Pylon  
  76  5:36  Probe  
  77  5:45  Twilight Council  
  77  5:46  Probe  
  77  5:47  Sentry  
  80  5:50  Pylon, Sentry  
  80  5:52  Probe  
  83  5:59  Immortal (Chrono Boost)  
  87  6:05  Protoss Ground Weapons Level 1  
  87  6:09  Probe x2  
  89  6:16  Charge  
  89  6:20  Probe  
  89  6:21  Probe, Assimilator  
  89  6:23  Pylon, Assimilator  
  91  6:29  Templar Archives  
  91  6:30  Observer (Chrono Boost)  
  91  6:32  Probe x2 (Chrono Boost)  
  94  6:39  Probe (Chrono Boost)  
  95  6:40  Zealot x3  
  95  6:42  Probe (Chrono Boost)  
  95  6:44  Probe (Chrono Boost), Gateway  
  95  6:46  Probe (Chrono Boost)  
  104  6:50  Gateway  
  104  6:52  Gateway  
  104  7:01  Gateway  
  104  7:02  Photon Cannon  
  104  7:03  Psionic Storm  
  104  7:04  Gateway  
  104  7:07  Probe x3  
  107  7:09  High Templar x3  
  113  7:16  High Templar  
  119  7:30  Warp Prism  
  119  7:32  Pylon  
  119  7:34  Pylon  
  117  7:41  Probe x2  
  119  7:52  Nexus  
  119  7:55  Zealot x6  
  125  8:07  Immortal  
  125  8:08  Probe x2, Pylon  
  125  8:10  High Templar x2  
  125  8:11  High Templar, Pylon  
  137  8:13  Probe  
  138  8:20  Probe x2  
  140  8:28  Photon Cannon  
  140  8:30  Pylon  
  140  8:31  Photon Cannon  
  140  8:36  Photon Cannon  
  140  8:38  Shield Battery  
  140  8:39  High Templar x3  
  140  8:40  High Templar  
  148  8:44  Archon  
  148  8:45  Archon  
  148  8:47  Zealot x4, Assimilator  
  148  8:48  Assimilator  
  148  9:03  Fleet Beacon  
  148  9:10  Photon Cannon  
  148  9:11  Photon Cannon  
  148  9:18  Zealot  
  148  9:19  Zealot x6  
  150  9:44  Zealot x6  
  150  9:45  Zealot x3  
  164  9:48  Stargate  
  158  9:52  Stargate  
  152  10:01  Archon  
  152  10:02  Archon  
  152  10:03  Archon  
Tags
 
Add a new tag
Caveats
  • Supply blocks, unpowered buildings, or Contaminate may cause inaccurate times.
  • Supply counts are checked every 10 seconds.